 Dungeon Crawl Stone Soup version 0.30-a0-632-g346586fe48 (webtiles) character file.

Game seed: 10373657274093240145

66914 quinnr the Stormcaller (level 15, 0/86 HPs)
             Began as a Tengu Air Elementalist on Jan 13, 2023.
             Was an Elder of Sif Muna.
             Killed from afar by Jorgrun (27 damage)
             ... with a blast of rock fragments
             ... on level 1 of the Spider Nest on Jan 14, 2023.
             The game lasted 01:27:40 (34430 turns).

quinnr the Stormcaller (Tengu Air Elementalist)    Turns: 34430, Time: 01:27:41

Health: 0/86       AC: 12    Str:  8    XL:     15   Next: 21%
Magic:  18/31      EV: 20    Int: 22    God:    Sif Muna [****..]
Gold:   1561       SH:  6    Dex: 11    Spells: 21/37 levels left

rFire   . . .      SeeInvis .    G - staff of air {!a}
rCold   . . .      Faith    .    N - +2 buckler "Hotzuj" {Will+}
rNeg    + + .      Spirit   .    H - +1 steam dragon scales
rPois   +          Reflect  .    (helmet restricted)
rElec   +          Harm     .    F - +0 cloak of Gravitas {rN+ rCorr Dex-5}
rCorr   +          Rampage  .    x - +0 pair of gloves of Recklessness {rN+ Will+}
Will    +++..                    (boots unavailable)
Stlth   +++                      (no amulet)
HPRegen 0.34/turn                P - ring of poison resistance
MPRegen 0.22/turn                T - +4 ring of protection

@: flying quickly and evasively, quick
A: beak, talons 3, nimble flight
a: Renounce Religion, Channel Magic, Forget Spell, Divine Exegesis


You were on level 1 of the Spider Nest.
You worshipped Sif Muna.
Sif Muna was greatly pleased with you.
You visited 7 branches of the dungeon, and saw 21 of its levels.
You also visited: Volcano.

You collected 1561 gold pieces.


Innate Abilities, Weirdness & Mutations

You have a beak for a mouth.
You have claws for feet.
Your magical nature lets you fly swiftly and evasively.


   Skills:
 + Level 7.5 Fighting
 - Level 2.0 Armour
 + Level 13.6 Dodging
 - Level 5.0 Stealth
 - Level 4.0 Shields
 + Level 11.9 Spellcasting
 - Level 6.0 Conjurations
 - Level 6.0 Summonings
 - Level 17.2 Air Magic
 - Level 9.0 Invocations


You had 21 spell levels left.
You knew the following spells:

 Your Spells              Type           Power      Damage    Failure   Level
a - Airstrike             Air            46%        2d(7-23)  1%          4
b - Lightning Bolt        Conj/Air       38%        1d57      1%          5
l - Summon Lightning Spi  Summ/Air       77%        N/A       1%          4
t - Static Discharge      Conj/Air       100%       2-7/arc   1%          2
z - Shock                 Conj/Air       100%       1d9       1%          1

Your spell library contained the following spells:

 Spells                   Type           Power      Damage    Failure   Level
 Swiftness                Air            93%        N/A       0%          3
 Foxfire                  Conj/Fire      100%       2x1d9     1%          1
 Hailstorm                Conj/Ice       26%        3d7       5%          3
 Ensorcelled Hibernation  Hex/Ice        26%        N/A       10%         2
 Passwall                 Tmut/Erth      10%        N/A       10%         2
 Sublimation of Blood     Necr           13%        N/A       10%         2
 Wereblood                Tmut           13%        N/A       10%         2
 Inner Flame              Hex/Fire       13%        N/A       19%         3
 Animate Armour           Summ/Erth      52%        N/A       19%         4
 Flame Wave               Conj/Fire      26%        2d8       19%         4
 Sticky Flame             Conj/Fire      26%        2d5       19%         4
 Fireball                 Conj/Fire      13%        3d7       45%         5
 Ice Form                 Ice/Tmut       13%        N/A       54%         4
 Olgreb's Toxic Radiance  Pois           13%        N/A       54%         4
 Blade Hands              Tmut           6%         N/A       87%         5
 Iron Shot                Conj/Erth      13%        9d3       96%         6
 Starburst                Conj/Fire      13%        6d5       96%         6
 Summon Hydra             Summ           19%        N/A       99%         7
 Ozocubu's Refrigeration  Ice            6%         4d8       100%        7
 Ignition                 Fire           6%         3d4       100%        8
 Necromutation            Tmut/Necr      6%         N/A       100%        8
 Polar Vortex             Ice            6%         N/A       100%        9

Inventory:

Hand Weapons
 u - a +2 vampiric dagger
 Z - the +9 battleaxe "Votaihol" {freeze, rElec Str+6 Dex-3}
   (You found it on level 5 of the Lair of Beasts)

   Str:       It affects your strength (+6).
   Dex:       It affects your dexterity (-3).
   rElec:     It insulates you from electricity.
Missiles
 c - 6 curare-tipped darts {=f}
 W - a throwing net {=f}
Armour
 m - a +3 leather armour
 q - a +3 leather armour of fire resistance
 x - the +0 pair of gloves of Recklessness (worn) {rN+ Will+}
   (You found it on level 4 of the Dungeon)

   rN:        It protects you from negative energy.
   Will:      It increases your willpower.
 F - the +0 cloak of Gravitas (worn) {rN+ rCorr Dex-5}
   (You found it on level 8 of the Dungeon)

   Dex:       It affects your dexterity (-5).
   rN:        It protects you from negative energy.
   rCorr:     It protects you from acid and corrosion.
 H - +1 steam dragon scales (worn)
 N - the +2 buckler "Hotzuj" (worn) {Will+}
   (You found it on level 1 of the Spider Nest)

   Will:      It increases your willpower.
Magical Staves
 z - a staff of fire {!a}
 G - a staff of air (weapon) {!a}
Jewellery
 f - an amulet of faith {!P}
 v - a ring of see invisible
 C - a ring of protection from cold
 I - a +6 ring of intelligence
 L - a ring of flight
 P - a ring of poison resistance (left hand)
 R - a ring of resist corrosion
 T - a +4 ring of protection (right hand)
Wands
 a - a wand of digging (8)
 n - a wand of charming (4)
 K - a wand of polymorph (19)
 Q - a wand of mindburst (2)
 Y - a wand of flame (1)
Scrolls
 d - 5 scrolls of noise
 j - 4 scrolls of fear (quivered)
 o - 3 scrolls of teleportation {@r2}
 s - 2 scrolls of immolation
 t - 3 scrolls of blinking
 y - 3 scrolls of magic mapping
 B - 2 scrolls of amnesia
 E - 2 scrolls of torment
 S - a scroll of vulnerability
 V - a scroll of enchant weapon
 X - 3 scrolls of poison
Potions
 b - 2 potions of magic
 e - a potion of haste {@q3}
 g - 4 potions of lignification
 h - 4 potions of ambrosia
 i - 3 potions of heal wounds {@q2}
 k - 2 potions of berserk rage {!q}
 l - 3 potions of cancellation
 p - 4 potions of curing {@q1}
 r - 3 potions of degeneration
 w - 4 potions of might
 A - a potion of brilliance
 D - 2 potions of mutation
 J - 3 potions of attraction
 M - a potion of resistance
 O - 2 potions of flight
Miscellaneous
 U - a box of beasts

Dungeon Overview and Level Annotations

Branches:
Dungeon (10/15)            Temple (1/1) D:4            Lair (5/5) D:10
 Shoals (1/4) Lair:3       Spider (1/4) Lair:2        Slime (0/5) Lair:4
    Orc (2/2) D:10            Elf (1/3) Orc:2       Volcano (visited)

Altars:
Ashenzari
Cheibriados
Dithmenos
Elyvilon
Fedhas
Gozag
Hepliaklqana
Kikubaaqudgha
Makhleb
Nemelex Xobeh
Okawaru
Qazlal
Ru
Sif Muna
Trog
Uskayaw
Vehumet
Wu Jian
Xom
Yredelemnul
Zin
The Shining One
Jiyva

Shops:
D:9 :   Orc:2 *=(*

Annotations:
D:6 digvault (scrolls)
Spider:1 2 transporters, exclusion: orange crystal statue, Jorgrun

#§§. .§§ # §§. ##.#§§
### #### ## .#g☼# ☼§☼§
#..## ##.# ..§#§§§#
#...###..### #.8§☼#
..###.....#.####@☼.§#
##..##..# #☼§.††§☼##
...†....###.§☼☼..§§§§§#
..[#..#..§§§☼§☼..##§§§§☼
#..#.s.#.☼§§###§^# #§#§§
.#.#†##.##§...☼§## #§##
#...##.####..(§☼. ☼§#
#.#.... ...§###. §#
##.#.. ..#... ^^


You could see Jorgrun (extremely poisoned, ally target) and a friendly lightning
spire (summoned).


Message History

Confirm with . or Enter, or press ? or * to list all spells.
Aiming: Airstrike (safe; 1% risk of failure)
Press: ? - help, Dir - move target, f - tarantella
Aim: a tarantella (heavily wounded, ally target, empty space bonus: 4/8)
You feel a surge of power!
The air twists around and strikes the tarantella!
You kill the tarantella!
Sif Muna accepts your kill.
You can now call upon Sif Muna to cast any spell from your library.
Jorgrun is engulfed in poison gas.
Jorgrun looks as sick as possible!
The roots lose their grip on you.
Your box of beasts has recharged.
Unknown command.
Okay, then.
Okay, then.
Casting: Airstrike (safe; 1% risk of failure)
Confirm with . or Enter, or press ? or * to list all spells.
Okay, then.
You hear a grinding noise.
Casting: Airstrike (safe; 1% risk of failure)
Confirm with . or Enter, or press ? or * to list all spells.
Aiming: Lightning Bolt (dangerous; 1% risk of failure)
Press: ? - help, Shift-Dir - straight line You feel a surge of power!
The bolt of lightning misses Jorgrun.
The bolt of lightning hits Jorgrun!!
Jorgrun is moderately wounded.
You feel less invigorated.
Jorgrun gestures next to you while chanting.
The wall shatters!
The blast of rock fragments hits you!!
You die...

Skill      XL: |  1  2  3  4  5  6  7  8  9 10 11 12 13 14 15 |
---------------+----------------------------------------------+-----
Fighting       | 1 2 4 5 6 7 |  7.5
Air Magic      | 5 7 9 11 12 13 15 17 | 17.2
Dodging        | 3 4 5 8 9 11 13 | 13.6
Armour         | 2 |  2.0
Spellcasting   | 3 4 5 6 8 10 11 | 11.9
Stealth        | 4 5 |  5.0
Conjurations   | 4 5 6 |  6.0
Invocations    | 2 6 7 9 |  9.0
Summonings     | 3 6 |  6.0
Shields        | 3 4 |  4.0

Action                   |  1- 3 |  4- 6 |  7- 9 | 10-12 | 13-15 || total
-------------------------+-------+-------+-------+-------+-------++-------
Melee: Unarmed           |     1 |     7 |       |       |       ||     8
       Kick              |     1 |       |    15 |     3 |    10 ||    29
       Dagger            |       |       |    48 |     1 |       ||    49
       Peck              |       |       |    16 |     5 |     7 ||    28
       Punch             |       |       |     2 |       |       ||     2
       Staff             |       |       |     3 |     8 |    34 ||    45
Throw: Dart              |     4 |       |     2 |       |       ||     6
 Cast: Shock             |    62 |    78 |    98 |    83 |    28 ||   349
       Static Discharge  |     5 |     3 |    27 |    65 |    38 ||   138
       Airstrike         |       |     8 |    82 |   188 |   318 ||   596
       Summon Lightning  |       |       |       |    17 |    69 ||    86
       Lightning Bolt    |       |       |       |     8 |   107 ||   115
       Summon Hydra      |       |       |       |       |     2 ||     2
Invok: Channel Magic     |       |       |       |     2 |     9 ||    11
       Divine Exegesis   |       |       |       |       |     2 ||     2
Evoke: Wand              |       |       |       |     7 |    14 ||    21
       Box of beasts     |       |       |       |     1 |     2 ||     3
  Use: Potion            |       |       |       |     1 |     6 ||     7
       Scroll            |       |       |       |    16 |    14 ||    30
 Stab: Sleeping          |       |       |       |     2 |       ||     2
Armor: Robe              |     1 |       |       |       |       ||     1
       Leather armour    |       |    11 |    26 |       |       ||    37
       Steam dragon scal |       |       |       |    44 |    93 ||   137
Dodge: Dodged            |     3 |    21 |    70 |   117 |   331 ||   542
Block: Buckler           |       |       |       |     6 |    55 ||    61

Levels and vault maps discovered:
D:1:      lightli_arrival_flooded_house, layout_basic
D:2:      layout_rooms
D:3:      layout_basic, nicolae_tso_swordbearing_angel
D:4:      layout_loops_ring, kennysheep_mini, mainiacjoe_overflow_paths,
          temple_hall, uniq_menkaure
D:5:      layout_cave_pools, mainiacjoe_overflow_concentric_impassable,
          kennysheep_mini_moat, lemuel_mausoleum_altar_yredelemnul,
          mainiacjoe_overflow_tiny_flanked, sword_in_stone
D:6:      layout_loops_ring, zin_scriptorium
D:7:      layout_cave_pools, elyvilon_altar_4
D:8:      layout_basic, serial_corexii_hall, corexii_hall_statues_s,
          corexii_hall_statues_i
D:9:      layout_loops_ring, nicolae_vehumet_altar_sigil, serial_shops,
          nicolae_square_shop
D:10:     minmay_klotski, layout_rooms, erik_lair_orcish_takeover,
          kennysheep_orc_monster_closet_entryway
Temple:   nicolae_temple_no_exploring_needed
Lair:1:   layout_cave_pods, uniq_amaemon
Lair:2:   layout_chaotic_city, nicolae_spider_entry_tight_spaces, pond,
          infiniplex_staircase_pool
Lair:3:   layout_layer_cave, shoals_dummy_entry, wad_woods_06
Lair:4:   layout_loops_ring, slime_entry_1, grunt_megastairs_2,
          lemuel_fruit_fields, uniq_nessos
Lair:5:   minmay_lair_end_frog_pond, layout_regular_city, gammafunk_ghost_split,
          nicolae_volcano_entry_batcave, uniq_urug, uniq_josephine, uniq_kirke
Shoals:1: layout_shoals, serial_shops, shop, nicolae_shoals_drake_roost
Spider:1: gammafunk_sealed_arena, uniq_jorgrun
Orc:1:    minmay_goldmine, layout_caves, uniq_fannar
Orc:2:    st_orc_rangers, layout_diamond_mine
Elf:1:    minmay_elf_arrival_circle, layout_loops_corners, serial_shops,
          nicolae_shop_bloodbath_and_beyond, shop_statue, nicolae_shop_trees,
          minmay_elf_annihilation, nicolae_twisting_strands, minivault_26,
          palyth_stone_intersect

Notes
Turn   | Place    | Note
-------+----------+-------------------------------------------
     0 | D:1      | quinnr the Tengu Air Elementalist began the quest for the
                  | Orb.
     0 | D:1      | Reached XP level 1. HP: 10/10 MP: 4/4
   227 | D:1      | Reached XP level 2. HP: 15/15 MP: 1/6
   302 | D:1      | Learned a level 2 spell: Static Discharge
  1059 | D:2      | Reached XP level 3. HP: 20/20 MP: 3/7
  1377 | D:2      | Reached skill level 1 in Fighting
  1870 | D:2      | Reached skill level 5 in Air Magic
  1870 | D:2      | Reached XP level 4. HP: 22/25 MP: 2/8
  1950 | D:2      | Upgraded the game from 0.30-a0-629-gd54f4be4f7 to
                  | 0.30-a0-632-g346586fe48
  2363 | D:3      | Found a glowing golden altar of the Shining One.
  2436 | D:3      | Reached skill level 3 in Dodging
  2553 | D:3      | Reached skill level 1 in Armour
  2553 | D:3      | Reached skill level 3 in Spellcasting
  2945 | D:4      | Identified the +11 spear of Husunu {freeze, *Rage rElec
                  | rCorr Str+10}
  3038 | D:3      | Learned a level 4 spell: Airstrike
  3169 | D:3      | Reached skill level 2 in Armour
  3169 | D:3      | Gained mutation: Your magical nature lets you fly swiftly
                  | and evasively. [Tengu growth]
  3169 | D:3      | Reached XP level 5. HP: 22/29 MP: 0/10
  3390 | D:4      | Noticed Menkaure
  3488 | D:5      | Entered Level 5 of the Dungeon
  3489 | D:5      | Found a bloodstained altar of Trog.
  3842 | D:5      | Reached XP level 6. HP: 35/35 MP: 1/11
  3955 | D:5      | Found a sparkling altar of Nemelex Xobeh.
  3979 | D:5      | Reached skill level 2 in Fighting
  3979 | D:5      | Reached skill level 6 in Air Magic
  4027 | D:6      | Noticed a water moccasin
  4116 | D:5      | Found a hide-covered altar of Uskayaw.
  4126 | D:5      | Noticed an orc warrior
  4126 | D:5      | Noticed an orc warrior
  4245 | D:5      | Killed an orc warrior
  4246 | D:5      | Reached skill level 4 in Dodging
  4308 | D:5      | Noticed an orc warrior
  4331 | D:5      | Killed an orc warrior
  4332 | D:5      | Reached skill level 7 in Air Magic
  4332 | D:5      | Reached XP level 7. HP: 40/40 MP: 1/12
  4431 | D:5      | Reached skill level 8 in Air Magic
  4622 | D:5      | Reached skill level 9 in Air Magic
  5033 | D:5      | Reached skill level 4 in Spellcasting
  5101 | D:5      | Reached XP level 8. HP: 40/45 MP: 9/15
  5153 | D:5      | Reached skill level 3 in Fighting
  5232 | D:5      | Found a basalt altar of Yredelemnul.
  5306 | D:5      | Reached skill level 4 in Fighting
  5682 | D:6      | Reached skill level 10 in Air Magic
  5939 | D:6      | Reached skill level 11 in Air Magic
  6061 | D:6      | Reached skill level 3 in Stealth
  6226 | D:6      | Reached skill level 4 in Stealth
  6476 | D:6      | Reached XP level 9. HP: 52/52 MP: 12/16
  6696 | D:6      | Found a glowing silver altar of Zin.
  6744 | D:6      | Reached skill level 5 in Stealth
  6990 | D:6      | Reached skill level 2 in Conjurations
  7217 | D:7      | Found a white marble altar of Elyvilon.
  7523 | D:4      | Killed Menkaure
  7524 | D:4      | Reached skill level 3 in Conjurations
  7709 | D:4      | Identified the +0 pair of gloves of Recklessness {rN+
                  | Will+}
  7822 | D:4      | Found a staircase to the Ecumenical Temple.
  7894 | Temple   | Entered the Ecumenical Temple
  7902 | Temple   | Became a worshipper of Sif Muna the Loreminder
  8058 | D:4      | Found a broken altar of Ashenzari.
  8149 | D:4      | Found a sacrificial altar of Ru.
  8553 | D:7      | Identified a +1 robe of resistance
  8556 | D:7      | Reached skill level 1 in Invocations
  8791 | D:7      | Reached skill level 4 in Conjurations
  9128 | D:7      | Reached skill level 5 in Fighting
  9662 | D:8      | Reached skill level 5 in Spellcasting
  9662 | D:8      | Reached skill level 2 in Invocations
  9922 | D:8      | Identified the +9 long sword of Execution {freeze, *Rage
                  | rN+ Str+3}
  9937 | D:8      | Reached skill level 12 in Air Magic
 10087 | D:8      | Reached XP level 10. HP: 59/59 MP: 1/18
 10189 | D:8      | Reached * piety under Sif Muna
 10225 | D:8      | Reached skill level 3 in Invocations
 10514 | D:8      | Identified the +0 cloak of Gravitas {rN+ rCorr Dex-5}
 11028 | D:8      | Reached skill level 6 in Fighting
 11519 | D:9      | Found a radiant altar of Vehumet.
 11673 | D:9      | Reached ** piety under Sif Muna
 11815 | D:9      | Reached skill level 4 in Invocations
 12193 | D:9      | Reached skill level 13 in Air Magic
 12429 | D:9      | Found Bodih's Book Boutique.
 12631 | D:10     | Entered Level 10 of the Dungeon
 12697 | D:9      | Reached skill level 5 in Invocations
 12920 | D:9      | Reached skill level 6 in Invocations
 13077 | D:10     | Found a staircase to the Orcish Mines.
 13474 | D:10     | Reached skill level 5 in Dodging
 13877 | D:10     | Reached skill level 5 in Conjurations
 13877 | D:10     | Reached XP level 11. HP: 66/66 MP: 11/20
 14331 | D:10     | Reached *** piety under Sif Muna
 14644 | D:10     | Reached skill level 6 in Dodging
 14979 | D:10     | Found a staircase to the Lair.
 15064 | Lair:1   | Entered Level 1 of the Lair of Beasts
 15344 | Lair:1   | Reached skill level 7 in Fighting
 15479 | Lair:1   | Reached skill level 6 in Spellcasting
 15479 | Lair:1   | Reached skill level 6 in Conjurations
 15582 | Lair:1   | Reached skill level 7 in Dodging
 15841 | Lair:1   | Learned a level 4 spell: Summon Lightning Spire
 15847 | Lair:1   | Learned a level 5 spell: Lightning Bolt
 16093 | Lair:1   | Reached skill level 1 in Summonings
 16251 | Lair:1   | Noticed Amaemon
 16262 | Lair:1   | Killed Amaemon
 16263 | Lair:1   | Reached skill level 8 in Dodging
 16263 | Lair:1   | Reached skill level 7 in Invocations
 16461 | D:10     | Reached skill level 2 in Summonings
 17052 | Lair:1   | Reached skill level 3 in Summonings
 17052 | Lair:1   | Reached XP level 12. HP: 55/72 MP: 10/23
 17406 | Lair:2   | Noticed a four-headed hydra
 17413 | Lair:2   | Killed a four-headed hydra
 17414 | Lair:2   | Reached skill level 9 in Dodging
 17414 | Lair:2   | Reached skill level 7 in Spellcasting
 17414 | Lair:2   | Reached skill level 4 in Summonings
 17705 | Lair:2   | Noticed an eight-headed hydra
 17721 | Lair:2   | Killed an eight-headed hydra
 17722 | Lair:2   | Reached skill level 5 in Summonings
 17873 | Lair:2   | Reached **** piety under Sif Muna
 17961 | Lair:2   | Reached skill level 8 in Invocations
 18253 | Lair:2   | Found a hole to the Spider Nest.
 18913 | Lair:3   | Found a staircase to the Shoals.
 18926 | Lair:3   | Reached skill level 6 in Summonings
 18929 | Lair:3   | Reached skill level 8 in Spellcasting
 19034 | Shoals:1 | Entered Level 1 of the Shoals
 19419 | Lair:3   | You are sucked into a shaft and drop 1 floor!
 19454 | Lair:4   | Reached skill level 9 in Invocations
 19556 | Lair:4   | Found a staircase to the Slime Pits.
 19556 | Lair:4   | Found a viscous altar of Jiyva.
 19858 | Lair:4   | Reached XP level 13. HP: 76/76 MP: 11/26
 20229 | Lair:4   | Reached skill level 10 in Dodging
 20330 | Lair:4   | Reached skill level 14 in Air Magic
 20683 | Lair:3   | Reached skill level 9 in Spellcasting
 22044 | Lair:4   | Identified a potion of resistance
 22125 | Lair:4   | Noticed Nessos
 22433 | Lair:5   | Entered Level 5 of the Lair of Beasts
 22433 | Lair:5   | Found a runed translucent gate.
 22433 | Lair:5   | Found a runed translucent gate.
 22433 | Lair:5   | Found a runed translucent gate.
 22444 | Lair:4   | Killed Nessos
 22472 | Lair:5   | Noticed Darkkill's ghost (journeyman MiHu)
 22570 | Lair:5   | Found a dark tunnel.
 22687 | Volcano  | Entered a volcano
 23093 | Volcano  | Reached skill level 11 in Dodging
 23466 | Volcano  | Reached skill level 15 in Air Magic
 23645 | Lair:5   | Noticed Josephine
 23645 | Lair:5   | Noticed Urug
 23656 | Lair:5   | Killed Josephine
 23876 | Lair:4   | Reached skill level 10 in Spellcasting
 24371 | Lair:5   | Reached XP level 14. HP: 74/82 MP: 3/29
 25070 | Lair:5   | Identified the +9 battleaxe "Votaihol" {freeze, rElec Str+6
                  | Dex-3}
 25147 | Lair:5   | Killed Urug
 25148 | Lair:5   | Reached skill level 12 in Dodging
 25395 | Lair:5   | Reached skill level 16 in Air Magic
 25401 | Lair:5   | Reached ***** piety under Sif Muna
 26132 | Lair:5   | Identified the +1 short sword of the Elven Halls {venom,
                  | Will+ Stlth+}
 26132 | Lair:5   | Noticed Kirke
 26609 | Lair:5   | Killed Kirke
 26610 | Lair:5   | Reached skill level 11 in Spellcasting
 27336 | Lair:5   | Received a gift from Sif Muna
 27422 | Lair:5   | Got Qevitud's Handbook of the Evolved Winter {god gift}
 27631 | Lair:5   | Identified the +8 scimitar of Cobwebs {heavy, MP+9 Str+4}
 27634 | Lair:5   | Identified the +1 ring mail of Sufficient Awe {rF+}
 28099 | Lair:5   | Killed Darkkill's ghost
 28659 | Orc:1    | Entered Level 1 of the Orcish Mines
 28796 | Orc:2    | Entered Level 2 of the Orcish Mines
 28796 | Orc:2    | Noticed an orc warlord
 29295 | D:10     | Killed an orc warlord
 29296 | D:10     | Reached skill level 13 in Dodging
 30120 | Orc:2    | Reached skill level 17 in Air Magic
 31792 | Orc:2    | Found Xulotist's Weapon Shop.
 31792 | Orc:2    | Found Omuir's Jewellery Emporium.
 31794 | Orc:2    | Found Koxabramn's General Store.
 31796 | Orc:2    | Found Jillyol's Assorted Antiques.
 31946 | Orc:2    | Found a staircase to the Elven Halls.
 31998 | Elf:1    | Entered Level 1 of the Elven Halls
 32196 | Spider:1 | Entered Level 1 of the Spider Nest
 32197 | Spider:1 | Identified the +2 buckler "Hotzuj" {Will+}
 32325 | Spider:1 | Reached skill level 1 in Shields
 32459 | Lair:2   | Reached skill level 2 in Shields
 32639 | Lair:2   | HP: 8/82 [redback (12)]
 32812 | Lair:2   | Reached skill level 3 in Shields
 32812 | Lair:2   | Reached XP level 15. HP: 86/86 MP: 20/31
 33560 | Lair:2   | Reached skill level 4 in Shields
 34093 | Spider:1 | Found a transporter.
 34167 | Spider:1 | Noticed an emperor scorpion
 34172 | Spider:1 | Found a transporter.
 34424 | Spider:1 | Noticed Jorgrun
 34430 | Spider:1 | Killed from afar by Jorgrun

Vanquished Creatures
  The ghost of Darkkill the Fighter, a journeyman MiHu of Gozag (Lair:5)
  Nessos (Lair:4)
  An entropy weaver (Lair:2)
  Josephine (Lair:5)
  3 hydras
  A boulder beetle (Lair:3)
  A fire crab (Lair:5)
  A skeletal warrior (Volcano)
  A pharaoh ant (Lair:2)
  An orb spider (Spider:1)
  A lindwurm (Lair:3)
  An orc knight (Orc:2)
  2 black mambas
  2 demonic crawlers (Spider:1)
  7 elephants
  14 cane toads
  2 gargoyles (Volcano)
  8 komodo dragons
  A troll (D:10)
  A harpy skeleton (Volcano)
  8 tarantellas
  2 tyrant leeches (Lair:5)
  17 blink frogs
  10 jumping spiders
  An alligator skeleton (Volcano)
  6 culicivoras (Lair:2)
  A flying skull (Volcano)
  2 wyverns
  A wraith (D:9)
  43 yaks
  A basilisk (Lair:5)
  5 hogs
  A steam dragon (D:8)
  10 redbacks
  A fire bat (Lair:5)
  Menkaure (D:4)
  6 vampire mosquitoes
  3 wargs
  An acid dragon (D:9)
  17 water moccasins
  A swamp drake (Lair:2)
  30 orc warriors
  A sky beast (D:6)
  2 black bears
  3 wolves (Lair:5)
  10 ogres
  9 centaurs
  A phantom (D:5)
  6 kobold brigands
  22 bullfrogs
  5 gnoll sergeants
  6 necrophages
  2 scorpions
  6 wights
  4 killer bees (D:10)
  2 electric eels (Lair:5)
  2 howler monkeys (D:9)
  5 bullfrog zombies (D:5)
  2 jellies
  A hound (D:5)
  A human zombie (D:5)
  11 orc priests
  3 iguanas
  11 orc wizards
  A naga skeleton (Volcano)
  5 gnolls
  10 adders
  2 shadow imps
  An adder zombie (D:5)
  A worm (D:2)
  3 dart slugs
  64 orcs
  2 bats
  6 endoplasms
  4 giant cockroaches
  5 hobgoblins
  2 quokkas
  3 ball pythons
  3 frilled lizards
  3 goblins (D:1)
  18 kobolds
  6 rats
  2 butterflies (Lair:4)
475 creatures vanquished.

Vanquished Creatures (collateral kills)
  Kirke (Lair:5)
  An orc warlord (D:10)
  2 hydras (Lair:2)
  Urug (Lair:5)
  A skeletal warrior (Volcano)
  Amaemon (Lair:1)
  A goliath frog (Lair:5)
  A lindwurm (Lair:5)
  2 wolf spiders (Spider:1)
  2 orc knights (Orc:2)
  3 elephants
  An orange demon (Lair:1)
  A gargoyle (Volcano)
  2 cane toads (Lair:5)
  A rime drake (Lair:5)
  4 komodo dragons
  A troll (Orc:1)
  4 tarantellas (Spider:1)
  12 blink frogs
  A jumping spider (Spider:1)
  A culicivora (Lair:2)
  An alligator skeleton (Volcano)
  10 yaks
  3 wraiths (Lair:5)
  2 fire bats (Lair:5)
  2 hogs (Lair:5)
  A redback (Lair:2)
  3 vampire mosquitoes
  4 water moccasins
  6 orc warriors (Orc:2)
  An ogre (Orc:1)
  A wolf (Lair:4)
  2 centaurs (Orc:2)
  4 bullfrogs
  A spriggan skeleton (Volcano)
  An orc (Orc:2)
86 creatures vanquished.

Vanquished Creatures (others)
  A redback (Spider:1)
  A vampire mosquito (Lair:2)
  A killer bee (D:10)
  An orc wizard (D:8)
  An orc (Orc:2)
  A bush (Lair:3)
  51 fungi
  118 plants
175 creatures vanquished.

Grand Total: 736 creatures vanquished

Table legend: (Time is in decaauts)
 A = Elapsed time spent in this place.
 B = Non-inter-level travel time spent in this place.
 C = Inter-level travel time spent in this place.
 D = Time resting spent in this place.
 E = Time spent auto-exploring this place.
 F = Levels seen in this place.
 G = Mean time per level.
                   A        B        C        D        E       F      G
               +--------+--------+--------+--------+--------+-----+--------+
         Total |  33488 |  32495 |    993 |   8274 |  19685 |  22 | 1522.2 |
       Dungeon |  15547 |  15082 |    465 |   3136 |   9914 |  10 | 1554.7 |
        Temple |     14 |     14 |      0 |      0 |      0 |   1 |   14.0 |
          Lair |  13650 |  13192 |    458 |   3629 |   7808 |   5 | 2730.0 |
        Shoals |     10 |     10 |      0 |      0 |      0 |   1 |   10.0 |
   Spider Nest |    429 |    429 |      0 |     33 |    266 |   1 |  429.0 |
  Orcish Mines |   2913 |   2845 |     68 |   1045 |   1450 |   2 | 1456.5 |
   Elven Halls |      2 |      2 |      0 |      0 |      0 |   1 |    2.0 |
       Volcano |    920 |    920 |      0 |    430 |    245 |   1 |  920.0 |
               +--------+--------+--------+--------+--------+-----+--------+

Top non-repeatable levels by time:
  Lair:2: 3394 daAuts
  Lair:4: 3297 daAuts
  Lair:5: 2954 daAuts
     D:9: 2391 daAuts
     D:5: 2283 daAuts
    D:10: 2203 daAuts
  Lair:3: 2110 daAuts
     D:6: 1909 daAuts
  Lair:1: 1893 daAuts
     D:8: 1617 daAuts
   Orc:2: 1466 daAuts
   Orc:1: 1446 daAuts
     D:3: 1199 daAuts
     D:2: 1044 daAuts
     D:4: 991 daAuts

Table legend:
 A = Non-vault XP
 B = Vault XP
 C = Vault XP percentage of total XP
 D = Non-vault monster count
 E = Vault monster count
 F = Vault count percentage of total count
                 A         B        C        D         E       F
            +---------+---------+-------+---------+---------+-------
      Total |   52713 |   42879 |  44.9 |     383 |     179 |  31.9
            +---------+---------+-------+---------+---------+-------
        D:1 |      24 |       0 |   0.0 |      16 |       0 |   0.0
        D:2 |      63 |       0 |   0.0 |      14 |       0 |   0.0
        D:3 |     116 |       0 |   0.0 |      14 |       0 |   0.0
        D:4 |     115 |     172 |  59.9 |      11 |       1 |   8.3
        D:5 |     387 |    1147 |  74.8 |      11 |      16 |  59.3
        D:6 |    1119 |       0 |   0.0 |      28 |       0 |   0.0
        D:7 |     957 |       0 |   0.0 |      14 |       0 |   0.0
        D:8 |    1196 |       0 |   0.0 |      33 |       0 |   0.0
        D:9 |    2469 |     165 |   6.3 |      32 |       1 |   3.0
       D:10 |    3685 |    2381 |  39.3 |      16 |      26 |  61.9
     Lair:1 |    5378 |    1211 |  18.4 |      21 |       2 |   8.7
     Lair:2 |    7823 |    4773 |  37.9 |      30 |      17 |  36.2
     Lair:3 |    5825 |     866 |  12.9 |      20 |       1 |   4.8
     Lair:4 |    7202 |    5685 |  44.1 |      32 |      14 |  30.4
     Lair:5 |    6970 |   17701 |  71.7 |      30 |      55 |  64.7
   Spider:1 |    6752 |       0 |   0.0 |      22 |       0 |   0.0
      Orc:1 |     897 |       0 |   0.0 |      13 |       0 |   0.0
      Orc:2 |    1735 |    4988 |  74.2 |      26 |      35 |  57.4
    Volcano |       0 |    3790 | 100.0 |       0 |      11 | 100.0
            +---------+---------+-------+---------+---------+-------
